 Dungeon Crawl Stone Soup version 0.31-a0-128-g25add195a6 (webtiles) character file.

Game seed: 7874527132160914932

8323 Hubris850 the Cleaver (level 11, 0/86 HPs)
             Began as a Gnoll Reaver on June 1, 2023.
             Was an Elder of Lugonu.
             Slain by a yak (4 damage)
             ... on level 10 of the Dungeon.
             The game lasted 00:28:59 (9981 turns).

Hubris850 the Cleaver (Gnoll Reaver)                Turns: 9981, Time: 00:28:59

Health: 0/86       AC: 27    Str: 16    XL:     11   Next: 29%
Magic:  23/23      EV:  0    Int: 13    God:    Lugonu [****..]
Gold:   225        SH: 15    Dex: 10    Spells: 23/26 levels left

rFire   + . .        f - +3 flail (venom)
rCold   + . .        z - +2 tower shield
rNeg    . . .        s - +9 scales of the Dragon King {rPois rF+ rC+ Will+}
rPois   +            (no helmet)
rElec   .            I - +0 cloak
rCorr   +            (no gloves)
SInv    .            q - +0 pair of boots
Will    +....        (no amulet) Stlth
                     D - ring of resist corrosion
HPRegen 0.34/turn    (no ring)
MPRegen 0.18/turn

%: no passive effects
@: mighty, on berserk cooldown, slowed, very slow
A: fangs 1, strong nose, distributed training
a: Renounce Religion, Depart the Abyss, Banish, Corrupt


You were on level 10 of the Dungeon.
You worshipped Lugonu.
Lugonu was greatly pleased with you.
You visited 1 branch of the dungeon, and saw 10 of its levels.
You also visited: Bailey.

You collected 659 gold pieces.
You spent 434 gold pieces at shops.

Inventory:

Hand Weapons
 a - the +2 quarterstaff of Leulaon {freeze, rF- Will+ Str+3}
   (You found it on level 7 of the Dungeon)

   Str:       It affects your strength (+3).
   rF:        It makes you vulnerable to fire.
   Will:      It increases your willpower.
 b - a +1 heavy triple sword
 f - a +3 flail of venom (weapon)
 k - a +0 hand axe of draining
 v - the +7 quarterstaff "Zaoryt" {flame, rC+ Will+ Dex+2}
   (You bought it in a shop on level 9 of the Dungeon)

   Dex:       It affects your dexterity (+2).
   rC:        It protects you from cold.
   Will:      It increases your willpower.
 y - a +2 battleaxe of pain
 F - a +0 orcbow
 K - a +0 hand axe
Missiles
 c - a boomerang (quivered)
 u - 2 atropa-tipped darts
 w - 5 curare-tipped darts
Armour
 g - a +1 ring mail
 l - a +0 leather armour
 q - a +0 pair of boots (worn)
 s - the +9 scales of the Dragon King (worn) {rPois rF+ rC+ Will+}
   (You found it on level 3 of the Dungeon)

   rF:        It protects you from fire.
   rC:        It protects you from cold.
   rPois:     It protects you from poison.
   Will:      It increases your willpower.
 z - a +2 tower shield (worn)
 I - a +0 cloak (worn)
Magical Staves
 e - a staff of cold
 H - a staff of fire
Jewellery
 D - a ring of resist corrosion (left hand)
 E - a ring of ice
Wands
 o - a wand of digging (2)
 C - a wand of mindburst (13)
Scrolls
 d - 4 scrolls of teleportation
 j - a scroll of fear
 n - a scroll of magic mapping {unknown}
 r - 2 scrolls of immolation {unknown}
 t - 3 scrolls of enchant armour
 B - a scroll of amnesia
 N - a scroll of identify
Potions
 h - 2 potions of cancellation
 i - 4 potions of lignification
 p - a potion of invisibility
 x - a potion of attraction
 A - a potion of enlightenment
 G - a potion of magic
 J - 2 potions of might
 L - a potion of mutation {unknown}
 M - a potion of resistance {unknown}


   Skills:
 + Level 7.9 Fighting
 + Level 6.3 Short Blades
 + Level 6.3 Long Blades
 + Level 9.2 Axes
 + Level 6.3 Maces & Flails
 + Level 6.3 Polearms
 + Level 6.3 Staves
 + Level 6.3 Ranged Weapons
 + Level 6.3 Throwing
 + Level 6.3 Armour
 + Level 7.9 Dodging
 + Level 6.3 Stealth
 + Level 6.3 Shields
 + Level 6.3 Unarmed Combat
 + Level 8.2 Spellcasting
 + Level 7.7 Conjurations
 + Level 5.3 Hexes
 + Level 5.3 Summonings
 + Level 5.3 Necromancy
 + Level 5.3 Translocations
 + Level 5.3 Transmutations
 + Level 5.3 Fire Magic
 + Level 5.3 Ice Magic
 + Level 5.3 Air Magic
 + Level 5.3 Earth Magic
 + Level 5.3 Poison Magic
 + Level 7.0 Invocations
 + Level 6.3 Evocations


You had 23 spell levels left.
You knew the following spells:

 Your Spells              Type           Power      Damage    Failure   Level
a - Kiss of Death         Conj/Necr      88%        2d12      100%        1
b - Momentum Strike       Conj/Tloc      44%        3d9       100%        2

Your spell library contained the following spells:

 Spells                   Type           Power      Damage    Failure   Level
 Blink                    Tloc           38%        N/A       100%        2
 Lesser Beckoning         Tloc           38%        N/A       100%        2
 Hailstorm                Conj/Ice       22%        3d7       100%        3
 Alistair's Intoxication  Tmut/Pois      12%        N/A       100%        5
 Borgnjor's Vile Clutch   Necr/Erth      9%         N/A       100%        5
 Eringya's Noxious Bog    Tmut/Pois      9%         N/A       100%        6


Dungeon Overview and Level Annotations

Branches:
Dungeon (10/15)            Temple (0/1) D:5            Lair (0/5) D:9
    Orc (0/2) D:10         Bailey (visited)

Altars:
Ashenzari
Cheibriados
Dithmenos
Elyvilon
Fedhas
Gozag
Nemelex Xobeh
Sif Muna
Vehumet
Wu Jian
Yredelemnul
Lugonu

Shops:
D:4 *   D:5 [   D:7 :   D:9 *([

Annotations:
D:4 2 transporters


Innate Abilities, Weirdness & Mutations

You have very sharp teeth.
Your uncanny sense of smell can sniff out nearby items.
Your experience applies equally to all skills.


Message History

The yak gores you but does no damage.
You sock the yak!
You kill the yak!
Lugonu accepts your kill.
Your Invocations skill increases to level 7!
You completely miss the yak. You bite the yak.
The yak is lightly wounded.
You block the yak's attack.
You hit the yak but do no damage.
The yak is poisoned.
The yak is lightly wounded.
You completely miss the yak.
The yak is lightly wounded.
You block the yak's attack.
A yak comes into view.
The yak bellows!
You sock the yak!
The yak is heavily wounded.
The yak gores you but does no damage.
You barely miss the yak.
The yak is heavily wounded.
The yak gores you!
* * * LOW HITPOINT WARNING * * *
You closely miss the yak.
The yak is heavily wounded.
The yak gores you but does no damage.
You sock the yak!
The yak looks as sick as possible!
You bite the yak, but do no damage.
The yak is almost dead.
You are no longer berserk.
You are exhausted.
You feel yourself slow down. The yak gores you but does no damage.
You completely miss the yak. You bite the yak.
You kill the yak!
Lugonu accepts your kill.
You are no longer corroded.
The yak gores you but does no damage.
You sock the yak!
The yak is poisoned.
The yak is lightly wounded.
The yak gores you.
You die...

#..#(... #.
#..#... ..# #.
#..#YD# #.##..# #.
#..#Y.# #.##..# #.
#..#..# #.##..# #.
#Y.#YY# #.##..# #.
#YY.Y.# #.##..# #.
#Y##..# #.##..# #.
#@##..# #.##..# #.
#.##..###.....###.
#.##.......##.....
#.##.......##.....
#.##.......##.....
#.##.......##.####
#.##....<..##.# #
#.##.......##.# #
#.......##.# #


You could see 4 yaks.

Vanquished Creatures
  A troll (D:9)
  18 yaks
  A wyvern (D:9)
  A shadow (D:9)
  2 steam dragons
  2 wargs (D:9)
  An acid dragon (D:10)
  3 water moccasins
  2 orc warriors
  An ogre (D:6)
  A sky beast (D:8)
  2 ice beasts
  5 centaurs
  A bullfrog (D:8)
  4 scorpions
  4 wights (D:10)
  4 killer bees (D:10)
  6 howler monkeys
  A jelly (D:4)
  2 hounds (D:5)
  9 orc priests
  2 gnoll boudas
  2 iguanas
  9 orc wizards
  3 gnolls (D:7)
  3 adders
  A shadow imp (D:6)
  4 white imps
  2 worms (D:2)
  3 dart slugs
  46 orcs
  7 ball pythons
  2 bats
  8 endoplasms
  6 giant cockroaches (D:2)
  8 goblins
  9 hobgoblins
  A quokka (D:5)
  4 frilled lizards
  7 kobolds
198 creatures vanquished.

Notes
Turn   | Place    | Note
-------+----------+-------------------------------------------
     0 | D:1      | Hubris850 the Gnoll Reaver began the quest for the Orb.
     0 | D:1      | Reached XP level 1. HP: 20/20 MP: 6/6
   172 | D:1      | Reached XP level 2. HP: 26/26 MP: 7/7
   752 | D:2      | Reached skill level 5 in Spellcasting
   752 | D:2      | Reached XP level 3. HP: 24/31 MP: 7/9
   836 | D:2      | Found a faded altar of an unknown god.
   870 | D:2      | Prayed at the altar of an unknown god.
   870 | D:2      | Became a worshipper of Lugonu the Unformed
   870 | D:2      | Reached * piety under Lugonu
   902 | D:2      | Reached skill level 1 in Invocations
  1088 | D:2      | Reached skill level 1 in Short Blades
  1088 | D:2      | Reached skill level 1 in Long Blades
  1088 | D:2      | Reached skill level 1 in Maces & Flails
  1088 | D:2      | Reached skill level 1 in Polearms
  1088 | D:2      | Reached skill level 1 in Staves
  1088 | D:2      | Reached skill level 1 in Ranged Weapons
  1088 | D:2      | Reached skill level 1 in Throwing
  1088 | D:2      | Reached skill level 1 in Armour
  1088 | D:2      | Reached skill level 1 in Stealth
  1088 | D:2      | Reached skill level 1 in Shields
  1088 | D:2      | Reached skill level 1 in Unarmed Combat
  1088 | D:2      | Reached skill level 1 in Evocations
  1661 | D:3      | Reached XP level 4. HP: 35/38 MP: 11/11
  1690 | D:3      | You fall into a shaft and drop 3 floors!
  1692 | D:6      | Noticed a centaur
  1695 | D:6      | Noticed a scorpion
  1705 | D:6      | Killed a centaur
  1706 | D:6      | Reached skill level 1 in Hexes
  1706 | D:6      | Reached skill level 1 in Summonings
  1706 | D:6      | Reached skill level 1 in Necromancy
  1706 | D:6      | Reached skill level 1 in Translocations
  1706 | D:6      | Reached skill level 1 in Transmutations
  1706 | D:6      | Reached skill level 1 in Fire Magic
  1706 | D:6      | Reached skill level 1 in Ice Magic
  1706 | D:6      | Reached skill level 1 in Air Magic
  1706 | D:6      | Reached skill level 1 in Earth Magic
  1706 | D:6      | Reached skill level 1 in Poison Magic
  1706 | D:6      | Reached XP level 5. HP: 11/43 MP: 10/12
  1876 | D:6      | Noticed a centaur
  1883 | D:5      | Entered Level 5 of the Dungeon
  1961 | D:6      | Killed a centaur
  1962 | D:6      | Reached skill level 5 in Fighting
  1962 | D:6      | Reached skill level 5 in Dodging
  1962 | D:6      | Reached XP level 6. HP: 19/51 MP: 14/14
  2102 | D:5      | Noticed a water moccasin
  2119 | D:5      | Killed a water moccasin
  2217 | D:5      | Found a snail-covered altar of Cheibriados.
  2245 | D:4      | Reached ** piety under Lugonu
  2246 | D:4      | Reached skill level 7 in Axes
  2246 | D:4      | Reached XP level 7. HP: 46/49 MP: 15/15
  2365 | D:4      | Learned a level 2 spell: Momentum Strike
  2824 | D:3      | Found the +9 scales of the Dragon King {rPois rF+ rC+
                  | Will+}
  2825 | D:3      | Found a blossoming altar of Fedhas.
  3214 | D:4      | Found a transporter.
  3215 | D:4      | Found a transporter.
  3246 | D:4      | Noticed a small abomination
  3479 | D:4      | Found Dynism's Assorted Antiques.
  3488 | D:4      | Bought a glowing battleaxe for 209 gold pieces
  3531 | D:5      | Found a staircase to the Ecumenical Temple.
  3564 | D:5      | HP: 2/56 [poisoned by an orc]
  3774 | D:5      | Found Henocze's Armour Shop.
  3871 | D:5      | Reached *** piety under Lugonu
  3939 | D:5      | Reached XP level 8. HP: 36/63 MP: 16/16
  5176 | D:7      | Noticed a yak
  5176 | D:7      | Noticed a yak
  5177 | D:7      | Banished a yak
  5178 | D:7      | Noticed a yak
  5186 | D:7      | Noticed a yak
  5186 | D:7      | Noticed a yak
  5186 | D:7      | Noticed a yak
  5197 | D:7      | Banished a yak
  5198 | D:7      | Killed a yak
  5199 | D:7      | Reached XP level 9. HP: 65/69 MP: 8/18
  5496 | D:7      | Found Naiziq's Book Emporium.
  5525 | D:7      | Found a radiant altar of Vehumet.
  5662 | D:7      | Reached skill level 8 in Axes
  5704 | D:7      | Found a white marble altar of Elyvilon.
  6027 | D:7      | Identified the +2 quarterstaff of Leulaon {freeze, rF-
                  | Will+ Str+3}
  6192 | D:8      | Found an ornate altar of the Wu Jian Council.
  6412 | D:8      | Reached skill level 5 in Invocations
  7135 | D:8      | Found a basalt altar of Yredelemnul.
  7137 | D:8      | Found a shadowy altar of Dithmenos.
  7138 | D:8      | Found an opulent altar of Gozag.
  7139 | D:8      | Found a broken altar of Ashenzari.
  7141 | D:8      | Found a shimmering blue altar of Sif Muna.
  7346 | D:8      | Identified a scroll of acquirement
  7346 | D:8      | Acquired a +1 triple sword of protection
  7469 | D:8      | Reached skill level 5 in Short Blades
  7469 | D:8      | Reached skill level 5 in Long Blades
  7469 | D:8      | Reached skill level 5 in Maces & Flails
  7469 | D:8      | Reached skill level 5 in Polearms
  7469 | D:8      | Reached skill level 5 in Staves
  7469 | D:8      | Reached skill level 5 in Ranged Weapons
  7469 | D:8      | Reached skill level 5 in Throwing
  7469 | D:8      | Reached skill level 5 in Armour
  7469 | D:8      | Reached skill level 5 in Stealth
  7469 | D:8      | Reached skill level 5 in Shields
  7469 | D:8      | Reached skill level 5 in Unarmed Combat
  7469 | D:8      | Reached skill level 5 in Evocations
  7469 | D:8      | Reached XP level 10. HP: 65/77 MP: 20/20
  7536 | D:9      | Found a flagged portal.
  7600 | Bailey   | Entered a bailey
  7653 | Bailey   | Noticed an orc knight
  7972 | D:9      | Found a staircase to the Lair.
  8238 | D:9      | Found Hiass's Antique Weapon Shoppe.
  8239 | D:9      | Found Noobanah's Antique Armour Shoppe.
  8240 | D:9      | Found Silodium's Assorted Antiques.
  8312 | D:9      | Bought a steaming quarterstaff for 225 gold pieces
  8312 | D:9      | Identified the +7 quarterstaff "Zaoryt" {flame, rC+ Will+
                  | Dex+2} (You bought it in a shop on level 9 of the Dungeon)
  8592 | D:9      | Reached **** piety under Lugonu
  8827 | D:9      | Found a sparkling altar of Nemelex Xobeh.
  8827 | D:9      | Found a transporter.
  8827 | D:9      | Noticed a seven-headed hydra
  8827 | D:9      | Noticed an ogre mage
  8838 | D:9      | Banished a seven-headed hydra
  8840 | D:9      | Banished an ogre mage
  9004 | D:10     | Entered Level 10 of the Dungeon
  9014 | D:10     | Reached skill level 9 in Axes
  9080 | D:10     | Reached skill level 5 in Hexes
  9080 | D:10     | Reached skill level 5 in Summonings
  9080 | D:10     | Reached skill level 5 in Necromancy
  9080 | D:10     | Reached skill level 5 in Translocations
  9080 | D:10     | Reached skill level 5 in Transmutations
  9080 | D:10     | Reached skill level 5 in Fire Magic
  9080 | D:10     | Reached skill level 5 in Ice Magic
  9080 | D:10     | Reached skill level 5 in Air Magic
  9080 | D:10     | Reached skill level 5 in Earth Magic
  9080 | D:10     | Reached skill level 5 in Poison Magic
  9083 | D:10     | Reached XP level 11. HP: 84/85 MP: 22/22
  9388 | D:10     | Found a staircase to the Orcish Mines.
  9977 | D:10     | HP: 3/129 [yak (7)]
  9981 | D:10     | Slain by a yak

Illustrated notes

Levels and vault maps discovered:
D:1:      elethiomel_arrival_quiet, layout_loops_cross
D:2:      layout_basic, chequers_ecumenical_altar_simple_redux,
          minmay_worlds_worst_comb
D:3:      layout_basic, lemuel_coloured_pillars_altar
D:4:      cheibrodos_greedy_goblins, layout_rooms, serial_shops, shop,
          gammafunk_ghost_abyssal_escape
D:5:      layout_rooms, mainiacjoe_overflow_small_starburst,
          minmay_temple_entry_butterflies, nicolae_wooded_promenade, minmay_puff
D:6:      layout_loops_ring, serial_glass, glass_columns_a, glass_columns_c,
          item_on_display_a
D:7:      layout_gridville, fiery_altar_vehumet, mainiacjoe_overflow_brackets,
          serial_shops, nicolae_take_the_stairs, st_stairs_7
D:8:      layout_loops_corners, nzn_wu_jian_council_hall, minitemple,
          chequers_serial_rivers_small_b
D:9:      layout_basic, grunt_nemelex_the_gamble, erik_lair_orcish_takeover,
          enter_bailey_8, nicolae_shop_distant_corner_stores
D:10:     layout_long_grid, hiddenorc1_lemuel, kennysheep_generic_room_4

Skill      XL: |  1  2  3  4  5  6  7  8  9 10 11 |
---------------+----------------------------------+-----
Spellcasting   | 5 6 7 8 |  8.2
Invocations    | 1 2 3 4 5 6 7 |  7.0
Short Blades   | 1 2 3 4 5 6 |  6.3
Long Blades    | 1 2 3 4 5 6 |  6.3
Maces & Flails | 1 2 3 4 5 6 |  6.3
Polearms       | 1 2 3 4 5 6 |  6.3
Staves         | 1 2 3 4 5 6 |  6.3
Ranged Weapons | 1 2 3 4 5 6 |  6.3
Throwing       | 1 2 3 4 5 6 |  6.3
Armour         | 1 2 3 4 5 6 |  6.3
Stealth        | 1 2 3 4 5 6 |  6.3
Shields        | 1 2 3 4 5 6 |  6.3
Unarmed Combat | 1 2 3 4 5 6 |  6.3
Evocations     | 1 2 3 4 5 6 |  6.3
Hexes          | 1 2 3 4 5 |  5.3
Summonings     | 1 2 3 4 5 |  5.3
Necromancy     | 1 2 3 4 5 |  5.3
Translocations | 1 2 3 4 5 |  5.3
Transmutations | 1 2 3 4 5 |  5.3
Fire Magic     | 1 2 3 4 5 |  5.3
Ice Magic      | 1 2 3 4 5 |  5.3
Air Magic      | 1 2 3 4 5 |  5.3
Earth Magic    | 1 2 3 4 5 |  5.3
Poison Magic   | 1 2 3 4 5 |  5.3
Fighting       | 5 6 7 |  7.9
Dodging        | 5 6 7 |  7.9
Axes           | 7 8 9 |  9.2
Conjurations   | 6 7 |  7.7

Action                     |  1- 3 |  4- 6 |  7- 9 | 10-12 || total
---------------------------+-------+-------+-------+-------++-------
  Melee: Hand axe          |   134 |    50 |    83 |       ||   267
         Bite              |    12 |     4 |    41 |    22 ||    79
         Punch             |     1 |     3 |     5 |       ||     9
         Flail             |       |       |   125 |    55 ||   180
         Battleaxe         |       |       |    13 |       ||    13
         Quarterstaff      |       |       |    99 |   217 ||   316
         Triple sword      |       |       |     6 |       ||     6
  Throw: Boomerang         |       |       |    10 |       ||    10
   Cast: Kiss of Death     |       |     5 |       |       ||     5
 Invoke: Banish            |       |       |     3 |     5 ||     8
  Evoke: Wand              |       |       |     5 |       ||     5
    Use: Scroll            |     4 |       |    16 |       ||    20
         Potion            |       |     2 |     3 |     5 ||    10
 Armour: Ring mail         |    43 |    38 |    10 |       ||    91
         Leather armour    |     1 |       |       |       ||     1
         Gold dragon scale |       |       |   272 |   259 ||   531
  Dodge: Dodged            |    58 |    44 |    41 |    45 ||   188
  Block: Tower shield      |       |       |       |    27 ||    27

Table legend: (Time is in decaauts)
 A = Elapsed time spent in this place.
 B = Non-inter-level travel time spent in this place.
 C = Inter-level travel time spent in this place.
 D = Time resting spent in this place.
 E = Time spent auto-exploring this place.
 F = Levels seen in this place.
 G = Mean time per level.
                   A        B        C        D        E       F      G
               +--------+--------+--------+--------+--------+-----+--------+
         Total |   9991 |   9609 |    382 |   1563 |   5951 |  11 |  908.3 |
       Dungeon |   9910 |   9528 |    382 |   1563 |   5951 |  10 |  991.0 |
        Bailey |     81 |     81 |      0 |      0 |      0 |   1 |   81.0 |
               +--------+--------+--------+--------+--------+-----+--------+

Top non-repeatable levels by time:
     D:9: 1401 daAuts
     D:8: 1343 daAuts
     D:6: 1271 daAuts
     D:5: 1078 daAuts
    D:10: 992 daAuts
     D:2: 947 daAuts
     D:7: 849 daAuts
     D:3: 699 daAuts
     D:1: 682 daAuts
     D:4: 644 daAuts
  Bailey: 81 daAuts
